cohdb
Replays
Latest Replays
All Replays
Popular Replays
Top Player Replays
Match Explorer
How It Works
Community
CoH3 Stats
Reddit
Sign in to upload your games and track your stats! →
Sign in with Steam
Match 39702452
Unlisted
Match 39702452
Overview
Messages
Build Orders
End
250 Light Carrier
Selects Panzerjäger Kommand Battlegroup
Selects Panzerjäger Kommand Battlegroup
Selects Panzerjäger Kommand Battlegroup
Selects Mine Fields
Panzerpioneer Squad
250 Light Carrier
Construct Light Support Kompanie
Combat Half-tracks
Selects GrB 39 Grenade Launcher Requisition
Construct Mechanized Kompanie
Support Armor Elements
Vehicle Survival Package
Tungsten Core Ammunition
Emergency Repair Kits
Rapid Advance
Advanced Optics
Marder III Tank Destroyer
Marder III Tank Destroyer
Marder III Tank Destroyer
Selects Crew Shock Tactics
我是人参果
dnjsxorla36
< blank >
See no Evil
Frosty
anearion88
thunder
Mael Radec
0
0
Comments
sign in to comment!
No comments posted yet!